 Dungeon Crawl Stone Soup version 0.27-a0-1181-g5f64966fcc (webtiles) character file.

Game seed: 15696132009835399409

149 bande the Covered (level 5, 0/33 HPs)
             Began as a Gargoyle Fighter on May 17, 2021.
             Slain by Purgy (2 damage)
             ... on level 4 of the Dungeon.
             The game lasted 00:05:51 (4599 turns).

bande the Covered (Gargoyle Fighter)                Turns: 4599, Time: 00:05:52

Health: 0/33       AC: 13    Str: 19    XL:     5   Next: 31%
Magic:  5/5        EV:  5    Int:  9    God:
Gold:   142        SH: 10    Dex: 10    Spells: 4/4 levels left

rFire    + . .     SeeInvis .   a - +0 war axe
rCold    . . .     Faith    .   c - +1 kite shield
rNeg     + . .     Spirit   .   p - +0 chain mail
rPois    ∞         Reflect  .   (no helmet)
rElec    +         Harm     .   (no cloak)
rCorr    .         Rampage  .   (no gloves)
Will     .....                  (no boots)
Stlth    ..........             (no amulet)
HPRegen  0.11/turn              d - ring of protection from fire
MPRegen  0.09/turn              (no ring)

@: no status effects
A: sickness immunity, AC +4, negative energy resistance 1, electricity
resistance, torment resistance 1, petrification resistance
a: no special abilities


You were on level 4 of the Dungeon.
You visited 1 branch of the dungeon, and saw 4 of its levels.

You collected 142 gold pieces.

Inventory:

Hand Weapons
 a - a +0 war axe (weapon)
 k - a +0 flail
Missiles
 n - a throwing net (quivered)
Armour
 c - a +1 kite shield (worn)
 p - a +0 chain mail (worn)
Jewellery
 d - a ring of protection from fire (left hand)
Scrolls
 b - a scroll of fear
 f - a scroll of amnesia
 j - a scroll of blinking


   Skills:
 + Level 3.9 Fighting
 + Level 3.1 Axes
 + Level 4.5 Armour
 + Level 0.7 Dodging
 + Level 3.8 Shields


You had 4 spell levels left.
You didn't know any spells.
Your spell library contained the following spells:

 Spells                   Type           Power      Damage    Failure   Level
 Magic Dart               Conj           0%         1d3       100%        1
 Searing Ray              Conj           0%         3d3       100%        2
 Dazzling Flash           Conj/Hex       0%         N/A       100%        3
 Fulminant Prism          Conj/Hex       0%         3d6       100%        4
 Iskenderun's Mystic Bla  Conj/Tloc      0%         2d3       100%        4


Dungeon Overview and Level Annotations

Branches:
Dungeon (4/15)
 Temple: D:4-7

Altars:

Shops:
D:2 (

Annotations:
D:4 Purgy


Innate Abilities, Weirdness & Mutations

You are immune to sickness and miasma.
Your stone body is resilient. (AC +4)
You are immune to poison.
You resist negative energy. (rN+)
You are resistant to electric shocks. (rElec)
You are resistant to unholy torment.
You are immune to petrification.


Message History

Purgy claws you but does no damage.
Your shield and chain mail prevent you from hitting Purgy.
Purgy is severely wounded.
You block Purgy's attack. x2; Purgy claws you but does no damage.
Purgy bites you but does no damage. Purgy claws you but does no damage.
Purgy barely misses you.
You completely miss Purgy.
Purgy is severely wounded.
Purgy bites you.
* * * LOW HITPOINT WARNING * * *
You block Purgy's attack. Purgy completely misses you. Purgy bites you.
* * * LOW HITPOINT WARNING * * *
You block Purgy's attack. Purgy barely misses you.
You hit Purgy.
Purgy is severely wounded.
You block Purgy's attack. x2; Purgy claws you but does no damage.
You closely miss Purgy.
Purgy is severely wounded.
You block Purgy's attack. x2; Purgy barely misses you.
Purgy bites you but does no damage. Purgy claws you but does no damage.
You block Purgy's attack.
You barely miss Purgy.
Purgy is severely wounded.
Purgy barely misses you. You block Purgy's attack.
Purgy claws you but does no damage.
You hit Purgy but do no damage.
Purgy is severely wounded.
Purgy barely misses you. Purgy claws you but does no damage. x2
Purgy barely misses you. Purgy claws you but does no damage. x2
You closely miss Purgy.
Purgy is heavily wounded.
Purgy bites you but does no damage. Purgy claws you but does no damage.
You block Purgy's attack. Purgy bites you but does no damage. Purgy claws you.
* * * LOW HITPOINT WARNING * * *
Purgy claws you.
* * * LOW HITPOINT WARNING * * *
You hit Purgy.
Purgy is heavily wounded.
You block Purgy's attack. Purgy claws you but does no damage. Purgy claws you.
You die...

##'####..^...#######..
+.....+......#.....#..
#.....#......#.....#..
..####..#......#.....#..
... #..##.....#.....#..
.... #...#.....#.....'>.
.....#...'.....#.....#..
.....#####.....#######..
#..T@................
#....................
#....................
#....................
....#+#####+###'#######.
.... #............'. ...
#............#. ..
##############. #......


You could see Purgy.

Vanquished Creatures
  An orc priest (D:3)
  A howler monkey zombie (D:4)
  3 gnolls (D:3)
  An adder (D:3)
  An adder skeleton (D:4)
  A worm (D:3)
  A dart slug (D:1)
  7 orcs (D:3)
  8 ball pythons
  5 bats
  6 endoplasms
  5 goblins
  A hobgoblin (D:2)
  2 quokkas
  5 frilled lizards
  7 kobolds
  5 rats
60 creatures vanquished.

Notes
Turn   | Place    | Note
-------+----------+-------------------------------------------
     0 | D:1      | bande the Gargoyle Fighter began the quest for the Orb.
     0 | D:1      | Reached XP level 1. HP: 14/14 MP: 1/1
   337 | D:1      | Reached XP level 2. HP: 17/19 MP: 2/2
  1134 | D:1      | Reached XP level 3. HP: 23/23 MP: 3/3
  1584 | D:2      | Found Zadij's Weapon Shoppe.
  2691 | D:3      | Reached skill level 4 in Armour
  2691 | D:3      | Reached XP level 4. HP: 6/29 MP: 4/4
  3244 | D:3      | Reached XP level 5. HP: 10/33 MP: 5/5
  4566 | D:4      | Noticed Purgy
  4599 | D:4      | Slain by Purgy

Illustrated notes

Levels and vault maps discovered:
D:1:      dpeg_arrival_boxorama, layout_rooms, chequers_serial_rivers_micro_e
D:2:      layout_loops_corners, serial_shops, nicolae_shop_behind_doors,
          minmay_misc_feat_diagonals, kennysheep_generic_room_4
D:3:      layout_basic, amcnicky_mini_rare_corridor_liquid, minivault_23
D:4:      layout_gridville, uniq_purgy

Skill      XL: |  1  2  3  4 |
---------------+-------------+-----
Axes           | 2 3 |  3.1
Armour         | 4 |  4.5
Fighting       | |  3.9
Dodging        | |  0.7
Shields        | |  3.8

Action                   |  1- 3 |  4- 6 || total
-------------------------+-------+-------++-------
Melee: War axe           |   111 |   106 ||   217
  Use: Potion            |     1 |     1 ||     2
       Scroll            |       |     9 ||     9
Armor: Scale mail        |    77 |    24 ||   101
       Chain mail        |       |    67 ||    67
Dodge: Dodged            |    36 |    40 ||    76
Block: Kite shield       |    72 |   100 ||   172

Table legend: (Time is in decaauts)
 A = Elapsed time spent in this place.
 B = Non-inter-level travel time spent in this place.
 C = Inter-level travel time spent in this place.
 D = Time resting spent in this place.
 E = Time spent auto-exploring this place.
 F = Levels seen in this place.
 G = Mean time per level.
                   A        B        C        D        E       F      G
               +--------+--------+--------+--------+--------+-----+--------+
         Total |   4730 |   4730 |      0 |   1156 |   2747 |   4 | 1182.5 |
       Dungeon |   4730 |   4730 |      0 |   1156 |   2747 |   4 | 1182.5 |
               +--------+--------+--------+--------+--------+-----+--------+

Top non-repeatable levels by time:
     D:1: 1427 daAuts
     D:2: 1337 daAuts
     D:3: 1232 daAuts
     D:4: 732 daAuts
